 Dungeon Crawl Stone Soup version 0.30.1-4-g462c640d31 (webtiles) character file.

Game seed: 7358909724265986974

93 Kurtz the Chopper (level 4, 0/28 HPs)
             Began as a Tengu Fighter on Sept 17, 2023.
             Slain by Natasha (4 damage)
             ... on level 2 of the Dungeon.
             The game lasted 00:01:28 (1545 turns).

Kurtz the Chopper (Tengu Fighter)                   Turns: 1545, Time: 00:01:28

Health: 0/28       AC:  6    Str: 19    XL:     4   Next: 61%
Magic:  5/5        EV:  9    Int:  8    God:
Gold:   178        SH:  4    Dex: 13    Spells: 3/3 levels left

rFire   . . .        a - +0 war axe
rCold   . . .        c - +0 buckler
rNeg    . . .        b - +0 scale mail
rPois   .            (helmet restricted)
rElec   .            (no cloak)
rCorr   .            (no gloves)
SInv    .            (boots unavailable)
Will    .....        (no amulet) Stlth
                     (no ring)
HPRegen 0.24/turn    (no ring)
MPRegen 0.09/turn

%: no passive effects
@: mighty
A: beak, talons 3
a: no special abilities


You were on level 2 of the Dungeon.
You visited 1 branch of the dungeon, and saw 3 of its levels.

You collected 178 gold pieces.

Inventory:

Hand Weapons
 a - a +0 war axe (weapon)
Armour
 b - a +0 scale mail (worn)
 c - a +0 buckler (worn)
Wands
 j - a wand of polymorph (8)
Scrolls
 e - 2 scrolls of teleportation {unknown}
 f - a scroll of vulnerability {unknown}
 g - 2 scrolls of identify {unknown}
 h - 2 scrolls of magic mapping {unknown}
 k - a scroll of silence {unknown}
Potions
 i - a potion of ambrosia {unknown}


   Skills:
 - Level 3.0 Fighting
 * Level 5.1 Axes
 - Level 3.2 Armour
 - Level 3.0 Shields


You had 3 spell levels left.
You didn't know any spells.
Your spell library contained the following spells:

 Spells                   Type           Power      Damage    Failure   Level
 Kiss of Death            Conj/Necr      0%         2d5       85%         1
 Confusing Touch          Hex            0%         N/A       99%         3
 Inner Flame              Hex/Fire       0%         N/A       99%         3
 Dispel Undead            Necr           0%         3d6       100%        4
 Yara's Violent Unravell  Hex/Tmut       0%         3d3       100%        5
 Enfeeble                 Hex            0%         N/A       100%        7


Dungeon Overview and Level Annotations

Branches:
Dungeon (3/15)

Altars:
Ru

Annotations:
D:2 Natasha


Innate Abilities, Weirdness & Mutations

You have a beak for a mouth.
You have claws for feet.


Message History

You kill the jackal!
No target in view!
No target in view!
You start resting.
HP restored.
You climb downwards.
Level annotation: Natasha The goblin shoots a sling bullet.
The sling bullet completely misses you.
There is a stone staircase leading up here.
Unknown command.
The goblin shoots a sling bullet.
The sling bullet hits you. Natasha claws you.
You climb upwards.
There is a stone staircase leading down here.
Unknown command.
You barely miss Natasha.
Natasha mumbles some strange words.
You closely miss Natasha. Natasha claws you! Natasha casts a spell at you.
The magic dart hits you!
Unknown command.
You are too injured to fight recklessly!
Unknown command.
You are too injured to fight recklessly!
You are too injured to fight recklessly!
Unknown command.
You hit Natasha. You claw Natasha.
Natasha is moderately wounded.
The cerulean imp hits you from afar with a +2 spear.
* * * LOW HITPOINT WARNING * * *
Natasha barely misses you.
Unknown command.
You hit Natasha. You claw Natasha, but do no damage. Your peck misses Natasha.
Natasha is heavily wounded.
The cerulean imp hits you from afar with a +2 spear.
* * * LOW HITPOINT WARNING * * *
Natasha misses you.
The cerulean imp hits you but does no damage.
You feel very mighty all of a sudden. Natasha claws you.
You die...

.............# ####.#.........)))
###.##.####..# #............#####
###.##.####..######.#.....###
..........##.##......<..###
###.......##............#
#.....#..##.#..........######
#.....#..##.##..5...........#
#.....#..##.##.h.###...####.#
##.....#..##.###@.......# #.#
..........##'#######....####.####
##...#.#..#........#.............
.+...+....'........'....####.####
##...###..#........#.#.## #.#
#.........##.......#.#.# #<#
..........##.......#.#.# ###
#........###.......#.#.#
########.###.......#...########


You could see Natasha and a cerulean imp (summoned).

Vanquished Creatures
  Robin (D:2)
  2 adders (D:2)
  3 dart slugs (D:1)
  5 bats
  2 endoplasms
  A giant cockroach (D:2)
  9 goblins (D:2)
  10 hobgoblins
  5 jackals (D:2)
  8 kobolds
  2 quokkas
  3 ball pythons (D:2)
  A frilled lizard (D:1)
  3 rats
55 creatures vanquished.

Notes
Turn   | Place    | Note
-------+----------+-------------------------------------------
     0 | D:1      | Kurtz the Tengu Fighter began the quest for the Orb.
     0 | D:1      | Reached XP level 1. HP: 14/14 MP: 2/2
   129 | D:1      | Reached XP level 2. HP: 19/19 MP: 3/3
   131 | D:1      | Reached skill level 3 in Axes
   351 | D:1      | Found a faded altar of an unknown god.
   459 | D:1      | Reached XP level 3. HP: 19/23 MP: 4/4
   920 | D:2      | Reached skill level 4 in Axes
   962 | D:2      | Noticed Robin
   998 | D:2      | Killed Robin
  1013 | D:2      | Reached XP level 4. HP: 28/28 MP: 5/5
  1085 | D:2      | HP: 1/28 [kobold/+2 short sword of electrocution (2)]
  1394 | D:2      | Reached skill level 5 in Axes
  1416 | D:2      | Found a sacrificial altar of Ru.
  1503 | D:3      | Noticed Natasha
  1545 | D:2      | Slain by Natasha

Illustrated notes

Levels and vault maps discovered:
D:1:      lightli_arrival_flooded_house, layout_loops_ring,
          chequers_ecumenical_altar_simple, minmay_surrounded
D:2:      layout_basic, basic_altar, nrook_campfire, minmay_gold_behind_fungi,
          nicolae_kite_square_tiling_tiny, uniq_robin
D:3:      layout_basic, glass_columns_a, amcnicky_mini_corridor_feature,
          minmay_misc_feat_tower, uniq_natasha

Skill      XL: |  1  2  3  4 |
---------------+-------------+-----
Axes           | 3 4 5 |  5.1
Fighting       | |  3.0
Armour         | |  3.2
Shields        | |  3.0

Action                     |  1- 3 |  4- 6 || total
---------------------------+-------+-------++-------
  Melee: War axe           |    79 |    44 ||   123
         Kick              |    19 |     9 ||    28
         Peck              |     8 |     6 ||    14
    Use: Potion            |       |     1 ||     1
 Armour: Scale mail        |    32 |    26 ||    58
  Dodge: Dodged            |    29 |    24 ||    53
  Block: Buckler           |    16 |    11 ||    27
